 Dungeon Crawl Stone Soup version 0.27.1-2-g3b301248ec (webtiles) character file.

Game seed: 9789350525667919100

14193 MisterFreud the Blocker (level 12, -6/97 HPs)
             Began as a Gnoll Fighter on Sept 28, 2021.
             Was an Elder of Zin.
             Mangled by a seven-headed hydra (15 damage)
             ... on level 1 of the Lair of Beasts.
             The game lasted 00:19:49 (15044 turns).

MisterFreud the Blocker (Gnoll Fighter)            Turns: 15044, Time: 00:19:50

Health: -6/97      AC:  1    Str: 15    XL:     12   Next: 13%
Magic:  22/22      EV: 13    Int: 13    God:    Zin [****..]
Gold:   244        SH: 12    Dex: 12    Spells: 25/25 levels left

rFire    + + +     SeeInvis +   a - +1 rapier
rCold    . . .     Faith    .   c - +1 kite shield
rNeg     . . .     Spirit   .   I - +3 leather armour {Will+}
rPois    .         Reflect  .   U - +1 hat {Will+}
rElec    .         Harm     .   s - +0 cloak
rCorr    .         Rampage  .   (no gloves)
Will     +++..                  (no boots)
Stlth    +++.......             f - amulet of Giunk {*Corrode Drain rF+++ Regen+ SInv}
HPRegen  1.26/turn              q - ring of willpower
MPRegen  0.18/turn              v - +4 ring of slaying

@: corroded
A: fangs 1, strong nose, distributed training
a: Renounce Religion, Recite, Vitalisation, Imprison, Donate Gold


You were on level 1 of the Lair of Beasts.
You worshipped Zin.
Zin was greatly pleased with you.
You visited 2 branches of the dungeon, and saw 12 of its levels.

You collected 584 gold pieces.
You spent 282 gold pieces at shops.
You donated 58 gold pieces to Zin.

Inventory:

Hand Weapons
 a - a +1 rapier (weapon)
Missiles
 g - 39 poisoned darts (quivered)
 M - 3 curare-tipped darts
 R - 12 boomerangs
Armour
 b - a +0 scale mail
 c - a +1 kite shield (worn)
 s - a +0 cloak (worn)
 y - the +4 robe of Augmentation {Str+4 Int+4 Dex+4}
   (You found it on level 11 of the Dungeon)

   Str:       It affects your strength (+4).
   Int:       It affects your intelligence (+4).
   Dex:       It affects your dexterity (+4).
 E - a +0 helmet
 I - a +3 leather armour of willpower (worn)
 U - a +1 hat of willpower (worn)
Jewellery
 f - the amulet of Giunk (around neck) {*Corrode Drain rF+++ Regen+ SInv}
   (You acquired it on level 9 of the Dungeon)

   [amulet of regeneration]

   rF:        It renders you almost immune to fire.
   SInv:      It lets you see invisible.
   Regen:     It increases your rate of health regeneration.
   *Corrode:  It may corrode you when you take damage.
   Drain:     It drains your maximum health when unequipped.
 o - a ring of ice
 q - a ring of willpower (left hand)
 v - a +4 ring of slaying (right hand)
 x - a ring of protection from fire
 C - a ring of protection from fire
 F - an amulet of guardian spirit
 H - a ring of ice
 L - a ring of protection from cold
 O - a ring of positive energy
 S - an amulet of magic regeneration
Wands
 t - a wand of flame (23)
 B - a wand of charming (9)
 D - a wand of mindburst (6)
 P - a wand of digging (10)
Scrolls
 h - 4 scrolls of enchant weapon
 l - a scroll of blinking
 p - a scroll of holy word
 u - a scroll of immolation
 w - 4 scrolls of identify
 A - a scroll of amnesia
 G - 3 scrolls of fog
 J - a scroll of enchant armour
 K - 3 scrolls of teleportation
 N - a scroll of brand weapon {unknown}
 Q - a scroll of fear
Potions
 d - a potion of might
 e - a potion of heal wounds
 i - 2 potions of invisibility
 j - a potion of magic
 k - 8 potions of curing
 m - 2 potions of haste
 n - 2 potions of degeneration
 r - 2 potions of flight
 z - a potion of attraction
 T - a potion of berserk rage


   Skills:
 + Level 9.6 Fighting
 + Level 8.4 Short Blades
 + Level 7.0 Long Blades
 + Level 7.0 Axes
 + Level 7.0 Maces & Flails
 + Level 7.0 Polearms
 + Level 7.0 Staves
 + Level 7.0 Slings
 + Level 7.0 Bows
 + Level 7.0 Crossbows
 + Level 7.0 Throwing
 + Level 9.6 Armour
 + Level 7.0 Dodging
 + Level 7.0 Stealth
 + Level 9.6 Shields
 + Level 7.0 Unarmed Combat
 + Level 7.0 Spellcasting
 + Level 5.8 Conjurations
 + Level 5.8 Hexes
 + Level 5.8 Summonings
 + Level 5.8 Necromancy
 + Level 5.8 Translocations
 + Level 5.8 Transmutations
 + Level 5.8 Fire Magic
 + Level 5.8 Ice Magic
 + Level 5.8 Air Magic
 + Level 5.8 Earth Magic
 + Level 5.8 Poison Magic
 + Level 7.7 Invocations
 + Level 7.0 Evocations


You had 25 spell levels left.
You didn't know any spells.
Your spell library contained the following spells:

 Spells                   Type           Power      Damage    Failure   Level
 Summon Small Mammal      Summ           76%        N/A       3%          1
 Ensorcelled Hibernation  Hex/Ice        38%        N/A       4%          2
 Static Discharge         Conj/Air       19%        N/A       4%          2
 Call Canine Familiar     Summ           19%        N/A       10%         3
 Spider Form              Tmut/Pois      9%         N/A       10%         3
 Summon Guardian Golem    Hex/Summ       19%        N/A       10%         3
 Summon Lightning Spire   Summ/Air       19%        N/A       32%         4
 Lightning Bolt           Conj/Air       9%         1d22      65%         5
 Shadow Creatures         Summ           N/A        N/A       99%         6
 Storm Form               Tmut/Air       9%         N/A       100%        7
 Maxwell's Capacitive Co  Air            9%         ∞         100%        8


Dungeon Overview and Level Annotations

Branches:
Dungeon (11/15)            Temple (0/1) D:6            Lair (1/6) D:10
    Orc (0/2) D:10

Altars:
Gozag
Sif Muna
Trog
Uskayaw
Wu Jian
Zin

Shops:
D:9 !(!

Annotations:
D:10 3 runed translucent doors, Borgoz's ghost, journeyman GrBe


Innate Abilities, Weirdness & Mutations

You have very sharp teeth.
Your uncanny sense of smell can sniff out nearby items.
Your experience applies equally to all skills.


Message History

Unknown command.
Unknown command.
Unknown command.
Unknown command.
Okay, then.
You puncture the seven-headed hydra!
The seven-headed hydra is lightly wounded.
The seven-headed hydra bites you!
Your corrosive artefact corrodes you!
The seven-headed hydra bites you but does no damage.
The seven-headed hydra bites you!
You block the seven-headed hydra's attack.
The seven-headed hydra bites you but does no damage.
The seven-headed hydra bites you.
Your corrosive artefact corrodes you!
The seven-headed hydra bites you!
Unknown command.
Unknown command.
Unknown command.
You barely miss the seven-headed hydra.
The seven-headed hydra is lightly wounded.
The seven-headed hydra barely misses you.
The seven-headed hydra bites you! x3
The seven-headed hydra closely misses you.
You block the seven-headed hydra's attack.
The seven-headed hydra completely misses you.
Unknown command.
Unknown command.
Unknown command.
Aiming: Mindburst
Press: ? - help, Shift-Dir - straight line, f - seven-headed hydra
Aim: a seven-headed hydra (lightly wounded, chance to affect: 57%)
The seven-headed hydra resists with significant effort.
You block the seven-headed hydra's attack.
The seven-headed hydra completely misses you.
The seven-headed hydra bites you!!
* * * LOW HITPOINT WARNING * * *
The seven-headed hydra bites you!
* * * LOW HITPOINT WARNING * * *
The seven-headed hydra closely misses you.
The seven-headed hydra bites you!
You die...

## #. #...# #. ..
#####. #...##..# ..##
##......###...P#..#
#..# #..#
#..........# #..###.#
#.....S...# P......#
#......... #...P..##
#.....# #......#
##..@D#
##..##..#####....##
#..###...#.#.....#
..#####P..#..#...#
....P###......##..#
.......#.......#....
.###.................
.####................
...####....#.#......$


You could see a seven-headed hydra and a water moccasin.

Vanquished Creatures
  Gastronok (Lair:1)
  2 two-headed ogres (D:11)
  A death yak (D:10)
  A cyclops (D:11)
  2 manticores (D:11)
  An elephant (D:10)
  A black mamba (Lair:1)
  A komodo dragon (Lair:1)
  A troll (D:11)
  25 yaks
  A basilisk (D:10)
  A wraith (D:9)
  Eustachio (D:6)
  A steam dragon (D:10)
  An acid dragon (D:10)
  Edmund (D:6)
  3 water moccasins
  2 sky beasts (D:7)
  An ice beast (D:8)
  7 orc warriors
  A black bear (D:10)
  A necrophage (D:6)
  4 ogres
  3 centaurs
  A kobold brigand (D:7)
  6 bullfrogs
  A gnoll sergeant (D:8)
  A wyvern zombie (D:5)
  A water moccasin zombie (D:5)
  A wyvern skeleton (D:6)
  9 electric eels
  3 centaur zombies
  2 hounds (D:5)
  A bullfrog zombie (D:5)
  4 orc priests
  8 orc wizards
  A killer bee zombie (D:6)
  A hound skeleton (D:4)
  A howler monkey zombie (D:7)
  A howler monkey skeleton (D:7)
  12 gnolls
  12 adders
  3 river rats (D:6)
  A shadow imp (D:5)
  2 white imps (D:6)
  An ufetubus (D:7)
  3 worms (D:6)
  34 orcs
  9 endoplasms
  2 giant cockroaches
  3 goblins
  5 hobgoblins
  3 jackals (D:2)
  6 kobolds
  2 quokkas (D:4)
  12 ball pythons
  7 bats
  4 frilled lizards
  7 rats
234 creatures vanquished.

Vanquished Creatures (others)
  A fungus (D:10)
  28 plants
29 creatures vanquished.

Grand Total: 263 creatures vanquished

Notes
Turn   | Place    | Note
-------+----------+-------------------------------------------
     0 | D:1      | MisterFreud the Gnoll Fighter began the quest for the Orb.
     0 | D:1      | Reached XP level 1. HP: 23/23 MP: 1/1
   292 | D:1      | Reached XP level 2. HP: 29/29 MP: 2/2
  1076 | D:2      | Reached XP level 3. HP: 35/35 MP: 3/3
  1193 | D:2      | Reached skill level 1 in Invocations
  1411 | D:2      | Reached skill level 1 in Long Blades
  1411 | D:2      | Reached skill level 1 in Axes
  1411 | D:2      | Reached skill level 1 in Maces & Flails
  1411 | D:2      | Reached skill level 1 in Polearms
  1411 | D:2      | Reached skill level 1 in Staves
  1411 | D:2      | Reached skill level 1 in Slings
  1411 | D:2      | Reached skill level 1 in Bows
  1411 | D:2      | Reached skill level 1 in Crossbows
  1411 | D:2      | Reached skill level 1 in Throwing
  1411 | D:2      | Reached skill level 1 in Dodging
  1411 | D:2      | Reached skill level 1 in Stealth
  1411 | D:2      | Reached skill level 1 in Unarmed Combat
  1411 | D:2      | Reached skill level 1 in Spellcasting
  1411 | D:2      | Reached skill level 1 in Evocations
  1580 | D:2      | Reached XP level 4. HP: 41/41 MP: 5/5
  1832 | D:3      | Found an ornate altar of the Wu Jian Council.
  1838 | D:3      | Found a bloodstained altar of Trog.
  2444 | D:3      | Reached skill level 1 in Conjurations
  2444 | D:3      | Reached skill level 1 in Hexes
  2444 | D:3      | Reached skill level 1 in Summonings
  2444 | D:3      | Reached skill level 1 in Necromancy
  2444 | D:3      | Reached skill level 1 in Translocations
  2444 | D:3      | Reached skill level 1 in Transmutations
  2444 | D:3      | Reached skill level 1 in Fire Magic
  2444 | D:3      | Reached skill level 1 in Ice Magic
  2444 | D:3      | Reached skill level 1 in Air Magic
  2444 | D:3      | Reached skill level 1 in Earth Magic
  2444 | D:3      | Reached skill level 1 in Poison Magic
  2998 | D:3      | Reached XP level 5. HP: 27/47 MP: 5/7
  3208 | D:4      | Noticed an ogre
  3222 | D:4      | Killed an ogre
  3463 | D:4      | Found a glowing silver altar of Zin.
  3668 | D:4      | Reached XP level 6. HP: 49/53 MP: 8/8
  3730 | D:4      | Became a worshipper of Zin the Law-Giver
  3730 | D:4      | Reached * piety under Zin
  3754 | D:4      | Reached skill level 5 in Short Blades
  3993 | D:4      | Found a shimmering blue altar of Sif Muna.
  4075 | D:5      | Entered Level 5 of the Dungeon
  4395 | D:5      | Reached XP level 7. HP: 59/59 MP: 10/10
  4452 | D:5      | Reached ** piety under Zin
  4734 | D:5      | Found a hide-covered altar of Uskayaw.
  5579 | D:6      | Found a staircase to the Ecumenical Temple.
  5663 | D:6      | Found an opulent altar of Gozag.
  5663 | D:6      | Noticed Edmund
  5687 | D:6      | HP: 1/60 [Edmund (7)]
  5689 | D:6      | Killed Edmund
  5839 | D:6      | Reached XP level 8. HP: 63/67 MP: 12/12
  5957 | D:6      | Found a glowing drain.
  6518 | D:6      | Noticed Eustachio
  6581 | D:6      | Killed Eustachio
  7779 | D:7      | Reached XP level 9. HP: 72/72 MP: 14/14
  8881 | D:8      | Reached *** piety under Zin
  9311 | D:8      | Reached skill level 5 in Invocations
  9712 | D:8      | Reached XP level 10. HP: 51/80 MP: 17/17
 10214 | D:9      | Found Hucwiupn's Distillery.
 11026 | D:9      | Found Etipn's Weapon Shoppe.
 11115 | D:9      | Reached skill level 5 in Long Blades
 11115 | D:9      | Reached skill level 5 in Axes
 11115 | D:9      | Reached skill level 5 in Maces & Flails
 11115 | D:9      | Reached skill level 5 in Polearms
 11115 | D:9      | Reached skill level 5 in Staves
 11115 | D:9      | Reached skill level 5 in Slings
 11115 | D:9      | Reached skill level 5 in Bows
 11115 | D:9      | Reached skill level 5 in Crossbows
 11115 | D:9      | Reached skill level 5 in Throwing
 11115 | D:9      | Reached skill level 5 in Dodging
 11115 | D:9      | Reached skill level 5 in Stealth
 11115 | D:9      | Reached skill level 5 in Unarmed Combat
 11115 | D:9      | Reached skill level 5 in Spellcasting
 11115 | D:9      | Reached skill level 5 in Evocations
 11431 | D:9      | Found Tasunod's Distillery.
 11439 | D:9      | Bought a potion of curing for 42 gold pieces
 11501 | D:9      | Bought a potion of haste for 160 gold pieces
 11501 | D:9      | Bought a potion of berserk rage for 80 gold pieces
 11987 | D:10     | Entered Level 10 of the Dungeon
 12033 | D:9      | Identified a scroll of acquirement
 12034 | D:9      | Acquired the amulet of Giunk {*Corrode Drain rF+++ Regen+
                  | SInv}
 12332 | D:10     | Noticed an elephant
 12378 | D:10     | Killed an elephant
 12448 | D:10     | Found a staircase to the Lair.
 12520 | D:10     | Noticed a death yak
 12549 | D:10     | Killed a death yak
 12772 | D:11     | Noticed a cyclops
 12789 | D:11     | Killed a cyclops
 12829 | D:11     | Reached XP level 11. HP: 87/87 MP: 19/19
 12829 | D:11     | Noticed a two-headed ogre
 12837 | D:11     | Zin protects you from harm!
 12838 | D:11     | Killed a two-headed ogre
 12991 | D:11     | Reached skill level 5 in Conjurations
 12991 | D:11     | Reached skill level 5 in Hexes
 12991 | D:11     | Reached skill level 5 in Summonings
 12991 | D:11     | Reached skill level 5 in Necromancy
 12991 | D:11     | Reached skill level 5 in Translocations
 12991 | D:11     | Reached skill level 5 in Transmutations
 12991 | D:11     | Reached skill level 5 in Fire Magic
 12991 | D:11     | Reached skill level 5 in Ice Magic
 12991 | D:11     | Reached skill level 5 in Air Magic
 12991 | D:11     | Reached skill level 5 in Earth Magic
 12991 | D:11     | Reached skill level 5 in Poison Magic
 13134 | D:11     | Noticed a manticore
 13184 | D:11     | Killed a manticore
 13353 | D:11     | Reached **** piety under Zin
 13394 | D:11     | Found the +4 robe of Augmentation {Str+4 Int+4 Dex+4}
 13406 | D:11     | Noticed a two-headed ogre
 13417 | D:11     | Killed a two-headed ogre
 13536 | D:11     | Noticed a manticore
 13550 | D:11     | Killed a manticore
 13991 | D:10     | Found a runed translucent gate.
 13991 | D:10     | Found a runed translucent gate.
 13991 | D:10     | Found a runed translucent gate.
 13994 | D:10     | Noticed Borgoz's ghost (journeyman GrBe)
 14174 | D:10     | Found a staircase to the Orcish Mines.
 14460 | Lair:1   | Entered Level 1 of the Lair of Beasts
 14945 | Lair:1   | Noticed Gastronok
 14959 | Lair:1   | Killed Gastronok
 14960 | Lair:1   | Reached XP level 12. HP: 52/97 MP: 22/22
 15036 | Lair:1   | Noticed a seven-headed hydra
 15044 | Lair:1   | Mangled by a seven-headed hydra

Illustrated notes

Levels and vault maps discovered:
D:1:      scummos_arrival_star, layout_loops_ring
D:2:      layout_loops_corners
D:3:      layout_basic, jmf_multi_god_temple
D:4:      layout_loops_ring, nicolae_sif_muna_condensation, zin_statuary
D:5:      layout_loops_corners, eat_drink_and_be_merry_uskayaw, minivault_14
D:6:      layout_loops_ring, mainiacjoe_overflow_six_doors_small,
          minmay_temple_entry_statues_fountains, lightli_sewer_entry_pipes,
          minivault_5, uniq_eustachio, uniq_edmund
D:7:      layout_loops_corners
D:8:      layout_rooms, serial_bayou, serial_bayou_shore_b, serial_bayou_pond_c,
          serial_bayou_lake_a, serial_bayou_shore_a
D:9:      layout_gridville, serial_shops, nicolae_take_the_stairs,
          nicolae_diamond_shop, nicolae_shop_trees
D:10:     layout_irregular_city, david_lair_generic, erik_orc_2,
          gammafunk_ghost_nasty_kobolds
D:11:     layout_irregular_city, serial_glass, glass_columns_a, glass_columns_b,
          minmay_misc_feat_x
Lair:1:   layout_layer_cave, uniq_gastronok

Skill      XL: |  1  2  3  4  5  6  7  8  9 10 11 |
---------------+----------------------------------+-----
Invocations    | 1 2 3 4 5 6 7 |  7.7
Long Blades    | 1 2 3 4 5 7 |  7.0
Axes           | 1 2 3 4 5 7 |  7.0
Maces & Flails | 1 2 3 4 5 7 |  7.0
Polearms       | 1 2 3 4 5 7 |  7.0
Staves         | 1 2 3 4 5 7 |  7.0
Slings         | 1 2 3 4 5 7 |  7.0
Bows           | 1 2 3 4 5 7 |  7.0
Crossbows      | 1 2 3 4 5 7 |  7.0
Throwing       | 1 2 3 4 5 7 |  7.0
Dodging        | 1 2 3 4 5 7 |  7.0
Stealth        | 1 2 3 4 5 7 |  7.0
Unarmed Combat | 1 2 3 4 5 7 |  7.0
Spellcasting   | 1 2 3 4 5 7 |  7.0
Evocations     | 1 2 3 4 5 7 |  7.0
Conjurations   | 1 2 3 4 5 |  5.8
Hexes          | 1 2 3 4 5 |  5.8
Summonings     | 1 2 3 4 5 |  5.8
Necromancy     | 1 2 3 4 5 |  5.8
Translocations | 1 2 3 4 5 |  5.8
Transmutations | 1 2 3 4 5 |  5.8
Fire Magic     | 1 2 3 4 5 |  5.8
Ice Magic      | 1 2 3 4 5 |  5.8
Air Magic      | 1 2 3 4 5 |  5.8
Earth Magic    | 1 2 3 4 5 |  5.8
Poison Magic   | 1 2 3 4 5 |  5.8
Short Blades   | 5 6 7 8 |  8.4
Fighting       | 7 8 9 |  9.6
Armour         | 7 8 9 |  9.6
Shields        | 7 8 9 |  9.6

Action                   |  1- 3 |  4- 6 |  7- 9 | 10-12 || total
-------------------------+-------+-------+-------+-------++-------
Melee: Rapier            |    98 |   138 |   416 |   573 ||  1225
       Bite              |     1 |    12 |    48 |    74 ||   135
Throw: Dart              |       |     3 |       |       ||     3
Invok: Recite            |       |       |     3 |     9 ||    12
       Vitalisation      |       |       |       |     1 ||     1
Evoke: Wand              |       |       |     4 |     7 ||    11
  Use: Potion            |       |       |     2 |     3 ||     5
       Scroll            |       |       |       |    20 ||    20
 Stab: Sleeping          |       |       |     3 |     4 ||     7
       Confused          |       |       |       |     1 ||     1
       Invisible         |       |       |       |     1 ||     1
Armor: Scale mail        |    31 |    53 |    51 |       ||   135
       Skin              |       |       |    62 |       ||    62
       Leather armour    |       |       |    43 |   105 ||   148
Dodge: Dodged            |    28 |    39 |   139 |   192 ||   398
Block: Kite shield       |    66 |    71 |   231 |   293 ||   661
